 Dungeon Crawl Stone Soup version 0.21-a0-437-ge5bf024 (webtiles) character file.

3180 Dracocage the Cleaver (level 9, -2/85 HPs)
             Began as a Minotaur Berserker on Nov 3, 2017.
             Was an Elder of Trog.
             Shot with an arrow by a centaur (6 damage)
             ... on level 7 of the Dungeon on Nov 9, 2017.
             The game lasted 00:50:26 (7308 turns).

Dracocage the Cleaver (Minotaur Berserker)          Turns: 7308, Time: 00:50:27

Health: -2/85      AC: 10    Str: 24    XL:     9   Next: 63%
Magic:  8/8        EV: 11    Int:  4    God:    Trog [****..]
Gold:   112        SH:  0    Dex: 11    Spells: 8/8 levels left

rFire    + . .     SeeInvis .   a - +3 battleaxe
rCold    + . .     Gourm    .   (shield currently unavailable)
rNeg     . . .     Faith    .   r - +4 ring mail
rPois    .         Spirit   .   (helmet restricted)
rElec    .         Reflect  .   v - +0 cloak
rCorr    .         Harm     .   (no gloves)
MR       .....                  (no boots)
Stlth    ..........             (no amulet)
HPRegen  0.24/turn              m - ring of protection from fire
MPRegen  0.11/turn              l - ring of protection from cold

@: confused, lethally poisoned (-2 -> -4), berserk cooldown, slowed, very slow
A: retaliatory headbutt, horns 2
a: Berserk, Trog's Hand, Brothers in Arms, Burn Spellbooks, Renounce Religion


You were on level 7 of the Dungeon.
You worshipped Trog.
Trog was greatly pleased with you.
You were hungry.

You visited 2 branches of the dungeon, and saw 8 of its levels.

You collected 382 gold pieces.
You spent 270 gold pieces at shops.

Inventory:

Hand Weapons
 a - a +3 battleaxe (weapon)
 g - a +0 hunting sling
 t - a +3 blowgun
 C - a +0 hand axe
Missiles
 h - 16 sling bullets
 n - 57 stones
 u - 40 poisoned needles (quivered)
Armour
 r - a +4 ring mail (worn)
 v - a +0 cloak (worn)
Jewellery
 l - a ring of protection from cold (right hand)
 m - a ring of protection from fire (left hand)
 z - an uncursed ring of flight
Wands
 o - a wand of lightning (5/15)
 x - a wand of lightning (3/15)
 y - a wand of random effects (23/48)
Scrolls
 d - 5 scrolls of remove curse
 e - 5 scrolls of teleportation
 i - 7 scrolls of identify
 w - a scroll of vulnerability {unknown}
 B - 2 scrolls of enchant weapon {unknown}
Potions
 b - a potion of might
 c - 4 potions of lignification
 j - 3 potions of flight
 A - a potion of brilliance {unknown}
Comestibles
 f - a royal jelly
 k - 5 fruits
 s - 2 bread rations


   Skills:
 + Level 10.0 Fighting
 * Level 13.2 Axes
 - Level 2.4 Armour
 - Level 2.1 Dodging


You had 8 spell levels left.
You didn't know any spells.

Dungeon Overview and Level Annotations

Branches:
Dungeon (7/15)             Temple (1/1) D:4

Altars:
Ashenzari
Cheibriados
Dithmenos
Elyvilon
Fedhas
Gozag
Hepliaklqana
Kikubaaqudgha
Makhleb
Nemelex Xobeh
Okawaru
Qazlal
Ru
Sif Muna
Trog
Uskayaw
Vehumet
Wu Jian
Xom
Yredelemnul
Zin
The Shining One

Shops:
D:5 ?


Innate Abilities, Weirdness & Mutations

You reflexively headbutt those who attack you in melee.
You have a pair of horns on your head.


Message History

You are more poisoned.
You feel better. Autsider's ghost barely misses you.
Autsider's ghost hits you but does no damage.
You are poisoned.
You slash Autsider's ghost!
You destroy Autsider's ghost!
Trog accepts your kill. Something appears at your feet!
Trog grants you ammunition!
Trog appreciates your killing of a magic user.
Your Fighting skill increases to level 10!
Your Axes skill increases to level 13!
You feel sick.
The centaur shoots an arrow.
The arrow closely misses you.
The centaur shoots an arrow.
The arrow hits you!
* * * LOW HITPOINT WARNING * * *
It was a potion of ambrosia.
You are confused.
You feel invigorated.
You feel sick.
The centaur shoots an arrow.
The arrow barely misses you.
The centaur shoots an arrow.
The arrow hits you.
You die...

.#....'.....#
.###..#.....##########
####..####...........#
.........#...........+
.........#...........# #
.........#...........# .#..
.........#.......#+###..'..
####'##'##.......((c....#
......#..#......@#(.##..#
......#..#..(....#.)##..#
......#..##'######%.....#
......#..##.............#
#.....#..##.............#
#.....#..# .....##...c..#
#.....#..# ..... #..##..#
#.....# .... ...# ..#
'.....# ... .... ...'


You could see a centaur.

Vanquished Creatures
  The ghost of Autsider the Digger, a novice GrEE of Vehumet (D:7)
  Prince Ribbit (D:7)
  Grinder (D:4)
  Edmund (D:5)
  An orc warrior (D:6)
  A sky beast (D:4)
  Duvessa (D:5)
  2 ice beasts
  3 ogres
  2 centaurs
  A bullfrog (D:6)
  Dowan (D:5)
  5 wights (D:6)
  A howler monkey (D:7)
  The ghost of p0werm0de the Chiller, a weakling OpIE (D:3)
  6 hounds
  5 orc priests
  A bullfrog skeleton (D:6)
  Crazy Yiuf (D:3)
  2 orc wizards (D:6)
  3 iguanas
  Ijyb (D:5)
  4 worker ants
  A hound skeleton (D:4)
  8 gnolls
  7 adders
  A shadow imp (D:5)
  An ooze (D:4)
  An adder skeleton (D:4)
  2 worms (D:3)
  3 leopard geckos
  18 orcs
  9 bats
  5 giant cockroaches
  8 hobgoblins
  2 jackals (D:6)
  3 quokkas
  4 frilled lizards
  11 goblins
  2 goblin skeletons (D:5)
  A goblin zombie (D:5)
  A hobgoblin zombie (D:5)
  4 kobolds
  A kobold skeleton (D:5)
  2 kobold zombies (D:5)
  2 orc skeletons (D:5)
  An orc zombie (D:5)
  A quokka skeleton (D:4)
  5 rats
150 creatures vanquished.

Notes
Turn   | Place    | Note
-------+----------+-------------------------------------------
     0 | D:1      | Dracocage the Minotaur Berserker began the quest for the Orb.
     0 | D:1      | Reached XP level 1. HP: 19/19 MP: 0/0
    82 | D:1      | Reached skill level 4 in Axes
   398 | D:1      | Reached XP level 2. HP: 25/27 MP: 1/1
  1154 | D:2      | Reached XP level 3. HP: 33/33 MP: 2/2
  1169 | D:2      | Reached skill level 5 in Axes
  1701 | D:2      | Found a blossoming altar of Fedhas.
  1714 | D:2      | Reached XP level 4. HP: 41/41 MP: 3/3
  2088 | D:3      | Upgraded the game from 0.21-a0-417-g0adc95b to 0.21-a0-426-g98080a9
  2103 | D:2      | Found a blossoming altar of Fedhas.
  2148 | D:3      | Reached ** piety under Trog
  2201 | D:3      | Reached skill level 6 in Axes
  2337 | D:3      | Noticed p0werm0de's ghost (weakling OpIE)
  2343 | D:3      | Reached XP level 5. HP: 47/47 MP: 4/4
  2359 | D:3      | Killed p0werm0de's ghost
  2359 | D:3      | Reached skill level 5 in Fighting
  2819 | D:3      | Found a runed door.
  3352 | D:3      | Found an ornate altar of the Wu Jian Council.
  3445 | D:3      | Noticed Crazy Yiuf
  3448 | D:3      | Killed Crazy Yiuf
  3448 | D:3      | Reached skill level 7 in Axes
  3448 | D:3      | Reached XP level 6. HP: 56/56 MP: 5/5
  3534 | D:4      | Upgraded the game from 0.21-a0-426-g98080a9 to 0.21-a0-437-ge5bf024
  3549 | D:4      | Noticed Grinder
  3560 | D:4      | Killed Grinder
  3591 | D:4      | Found a staircase to the Ecumenical Temple.
  3607 | D:4      | Reached skill level 8 in Axes
  3702 | D:4      | Reached XP level 7. HP: 48/63 MP: 6/6
  3739 | D:4      | Found a white marble altar of Elyvilon.
  3743 | Temple   | Entered the Ecumenical Temple
  4077 | D:4      | Reached skill level 9 in Axes
  4565 | D:4      | Found a staircase to the Ecumenical Temple.
  4588 | D:5      | Entered Level 5 of the Dungeon
  4640 | D:5      | Reached *** piety under Trog
  4674 | D:5      | Found a glowing golden altar of the Shining One.
  4742 | D:5      | Found a basalt altar of Yredelemnul.
  4909 | D:5      | Reached XP level 8. HP: 59/73 MP: 7/7
  5047 | D:5      | Found Sadwibb's Magic Scroll Shop.
  5053 | D:5      | Bought a scroll of enchant armour for 75 gold pieces
  5053 | D:5      | Bought a scroll of identify for 20 gold pieces
  5053 | D:5      | Bought a scroll of enchant armour for 75 gold pieces
  5053 | D:5      | Bought a scroll of identify for 20 gold pieces
  5053 | D:5      | Bought a scroll of teleportation for 30 gold pieces
  5053 | D:5      | Bought a scroll of identify for 20 gold pieces
  5053 | D:5      | Bought a scroll of teleportation for 30 gold pieces
  5189 | D:5      | Noticed Ijyb
  5233 | D:5      | Killed Ijyb
  5233 | D:5      | Reached skill level 10 in Axes
  5381 | D:5      | Noticed Edmund
  5397 | D:5      | Killed Edmund
  5450 | D:5      | Noticed Duvessa
  5450 | D:5      | Noticed Dowan
  5458 | D:5      | Killed Duvessa
  5459 | D:5      | Killed Dowan
  5531 | D:5      | Found a hide-covered altar of Uskayaw.
  5533 | D:5      | Found a burning altar of Makhleb.
  5891 | D:6      | Reached skill level 11 in Axes
  5940 | D:6      | Reached **** piety under Trog
  6422 | D:6      | Reached XP level 9. HP: 73/82 MP: 8/8
  6554 | D:6      | Reached skill level 12 in Axes
  6930 | D:7      | Noticed Prince Ribbit
  6961 | D:7      | Killed Prince Ribbit
  7281 | D:7      | Noticed Autsider's ghost (novice GrEE)
  7307 | D:7      | Killed Autsider's ghost
  7307 | D:7      | Received a gift from Trog
  7307 | D:7      | Reached skill level 10 in Fighting
  7307 | D:7      | Reached skill level 13 in Axes
  7307 | D:7      | HP: 1/85 [centaur/arrow (14)]
  7308 | D:7      | Shot with an arrow by a centaur

Vault maps used:
D:1:      dpeg_arrival_ternary
D:2:      fedhas_altar_3, st_stairs_10
D:3:      lemuel_upstairs_altar, lemuel_coloured_pillars_altar, first_bread,
          uniq_crazy_yiuf_cottage
D:4:      overflow_temple_1_default, minmay_temple_entry_statues, st_stairs_7,
          uniq_grinder
D:5:      nicolae_tso_besieged_by_evil,
          chequers_temple_overflow_statue_of_worship, basic_altar, serial_shops,
          shop, uniq_ijyb, uniq_edmund, uniq_duvessa
D:7:      serial_shops, nicolae_shop_trees, uniq_prince_ribbit1, uniq_pikel
Temple:   eino_temple_scatter_basement

Skill      XL: |  1  2  3  4  5  6  7  8  9 |
---------------+----------------------------+-----
Axes           | 4 5 6 7 8 9 11 13 | 13.2
Fighting       | 4 5 6 7 8 10 | 10.0
Armour         | |  2.4
Dodging        | |  2.1

Action                   |  1- 3 |  4- 6 |  7- 9 || total
-------------------------+-------+-------+-------++-------
Melee: Hand axe          |    56 |   128 |   266 ||   450
       Headbutt          |    10 |    26 |    57 ||    93
       Battleaxe         |       |       |    32 ||    32
Invok: Berserk           |     1 |     3 |     3 ||     7
       Burn Spellbooks   |       |       |     2 ||     2
  Use: Scroll            |       |     9 |     6 ||    15
       Potion            |       |       |     4 ||     4
  Eat: Chunk             |     2 |     2 |     8 ||    12
       Bread ration      |     1 |       |       ||     1
       Royal jelly       |       |     1 |     1 ||     2
       Meat ration       |       |     1 |       ||     1
Armor: Ring mail         |     9 |    26 |    86 ||   121
       Skin              |       |     1 |       ||     1
Dodge: Dodged            |    38 |    61 |   129 ||   228

Table legend:
 A = Spawn XP
 B = Non-spawn XP
 C = Spawn XP percentage of total XP
 D = Spawn monster count
 E = Non-spawn monster count
 F = Spawn count percentage of total count
 G = Total turns spent on level
                    A         B        C        D         E        F      G
               +---------+---------+-------+---------+---------+-------+---------
         Total |       0 |    4544 |   0.0 |       0 |     150 |   0.0 |  7308
               +---------+---------+-------+---------+---------+-------+---------
           D:1 |       0 |      30 |   0.0 |       0 |      18 |   0.0 |  1091
           D:2 |       0 |      85 |   0.0 |       0 |      19 |   0.0 |  1052
           D:3 |       0 |     285 |   0.0 |       0 |      32 |   0.0 |  1385
           D:4 |       0 |     769 |   0.0 |       0 |      21 |   0.0 |   904
           D:5 |       0 |     811 |   0.0 |       0 |      28 |   0.0 |  1096
           D:6 |       0 |    1156 |   0.0 |       0 |      26 |   0.0 |  1228
           D:7 |       0 |    1408 |   0.0 |       0 |       6 |   0.0 |   396
               +---------+---------+-------+---------+---------+-------+---------
